 Dungeon Crawl Stone Soup version 0.30-a0-920-g7493c07aab (webtiles) character file.

Game seed: 15595619425432190212

88 qeuew the Trooper (level 4, -4/35 HPs)
             Began as a Demonspawn Monk on Mar 21, 2023.
             Succumbed to Crazy Yiuf's poison
             ... on level 3 of the Dungeon.
             The game lasted 00:02:39 (1997 turns).

qeuew the Trooper (Demonspawn Monk)                 Turns: 1997, Time: 00:02:40

Health: -4/35      AC:  6    Str: 14    XL:     4   Next: 29%
Magic:  4/4        EV: 13    Int: 11    God:
Gold:   86         SH:  4    Dex: 15    Spells: 3/3 levels left

rFire   . . .      SeeInvis .    a - +1 mace
rCold   + . .      Faith    .    (no shield)
rNeg    . . .      Spirit   .    b - +0 robe
rPois   .          Reflect  .    (no helmet)
rElec   .          Rampage  .    (no cloak)
rCorr   .                        (no gloves)
Will    .....                    (no boots)
Stlth   ++                       (no amulet)
HPRegen 0.25/turn                (no ring)
MPRegen 0.09/turn                (no ring)

@: lethally poisoned (-4 -> -23)
A: icemail 1, condensation shield, weakness stinger 1, cold resistance 1, noise
suppression
a: no special abilities


You were on level 3 of the Dungeon.
You visited 1 branch of the dungeon, and saw 3 of its levels.

You collected 86 gold pieces.

Inventory:

Hand Weapons
 a - a +1 mace (weapon)
Armour
 b - a +0 robe (worn)
Scrolls
 j - a scroll of teleportation
Potions
 c - a potion of ambrosia
 d - a potion of might {unknown}
 e - 2 potions of curing {unknown}
 f - a potion of mutation
 g - a potion of haste
 h - a potion of flight


   Skills:
 + Level 3.4 Fighting
 * Level 3.4 Maces & Flails
 * Level 1.9 Armour
 + Level 3.1 Dodging
 - Level 1.7 Stealth


You had 3 spell levels left.
You didn't know any spells.
Your spell library contained the following spells:

 Spells                   Type           Power      Damage    Failure   Level
 Sandblast                Erth           0%         2d4       34%         1
 Passwall                 Tmut/Erth      0%         N/A       47%         2
 Static Discharge         Conj/Air       0%         2-2/arc   47%         2
 Stone Arrow              Conj/Erth      0%         3d7       71%         3
 Vhi's Electric Charge    Tloc/Air       0%         N/A       71%         3
 Arcjolt                  Conj/Air       0%         1d10      100%        5
 Plasma Beam              Fire/Air       0%         2x1d11    100%        5


Dungeon Overview and Level Annotations

Branches:
Dungeon (3/15)

Altars:
Dithmenos
Uskayaw

Shops:
D:3 *

Annotations:
D:3 Crazy Yiuf


Innate Abilities, Weirdness & Mutations

A meltable icy envelope protects you from harm. (AC +4)
A meltable shield of frost defends you. (SH +4)
You have a small tail.
Your flesh is cold resistant. (rC+)
You passively dampen the noise of your surroundings.


Message History

You sock the adder!
You kill the adder!
No target in view!
No target in view!
No target in view!
No target in view!
i - a ring of ice You drop a ring of ice.
There is a stone staircase leading up here.
There is a shaft here.
You see here a hobgoblin skeleton.
You see here a rat skeleton.
You see here a frilled lizard skeleton.
Partly explored, can't reach some places.
Partly explored, can't reach some places.
You hit the fungus.
The fungus begins to die.
You tail-slap the fungus.
The fungus is lightly damaged.
You hit the fungus.
The fungus is lightly damaged.
You thump the fungus!
The fungus is lightly damaged.
A nearby fungus withers and dies.
Found a hammer.
Found a runed translucent door.
You open the door. You sock Crazy Yiuf!
Crazy Yiuf is heavily wounded.
You block Crazy Yiuf's attack.
You hit Crazy Yiuf.
Crazy Yiuf is severely wounded.
Crazy Yiuf hits you with a +2 quarterstaff of chaos!
You are lethally poisoned!
You barely miss Crazy Yiuf.
Crazy Yiuf is severely wounded.
You feel extremely sick. Crazy Yiuf misses you.
Crazy Yiuf hits you with a +2 quarterstaff of chaos!
* * * LOW HITPOINT WARNING * * *
You hit Crazy Yiuf.
Crazy Yiuf is almost dead.
You die...

####.###..###...#
#..#
####....#...##
###.## #.##
#............#
#..####...
#.############
##..##...# #.#
##.....##
##.#######
#....##
#......#.### ###
##...####
#....PP.#..##...#
#..#....#
#....P#####@g...#
##..####..
##...P# ###..)#
#...# ##. ######
### #..†# ##
#...# #...# #...#
#####


You could see Crazy Yiuf.

Vanquished Creatures
  3 adders
  A worm (D:3)
  4 ball pythons
  8 endoplasms
  2 giant cockroaches
  2 goblins
  4 hobgoblins
  8 jackals
  8 bats
  2 frilled lizards
  4 kobolds
  8 rats
54 creatures vanquished.

Vanquished Creatures (others)
  A fungus (D:3)
1 creature vanquished.

Grand Total: 55 creatures vanquished

Notes
Turn   | Place    | Note
-------+----------+-------------------------------------------
     0 | D:1      | qeuew the Demonspawn Monk began the quest for the Orb.
     0 | D:1      | Reached XP level 1. HP: 18/18 MP: 1/1
   186 | D:1      | Discovered your monstrous ancestry.
   186 | D:1      | Gained mutation: You have a small tail. [demonic ancestry]
   186 | D:1      | Reached XP level 2. HP: 24/24 MP: 2/2
   395 | D:1      | Found a faded altar of an unknown god.
   403 | D:1      | Reached skill level 1 in Armour
   940 | D:2      | Gained mutation: A meltable shield of frost defends you.
                  | (SH +4) [demonic ancestry]
   940 | D:2      | Reached XP level 3. HP: 26/29 MP: 3/3
  1493 | D:2      | Gained mutation: You are frail. (-10% HP) [potion of
                  | mutation]
  1493 | D:2      | Gained mutation: You are covered in fur. (AC +1) [potion of
                  | mutation]
  1495 | D:2      | Lost mutation: You are frail. (-10% HP) [potion of
                  | mutation]
  1495 | D:2      | Lost mutation: You are covered in fur. (AC +1) [potion of
                  | mutation]
  1495 | D:2      | Gained mutation: Your flesh is cold resistant. (rC+)
                  | [potion of mutation]
  1495 | D:2      | Gained mutation: You passively dampen the noise of your
                  | surroundings. [potion of mutation]
  1593 | D:3      | Found Zin's Purification Station.
  1612 | D:3      | Gained mutation: A meltable icy envelope protects you from
                  | harm. (AC +4) [demonic ancestry]
  1612 | D:3      | Reached XP level 4. HP: 35/35 MP: 4/4
  1816 | D:3      | Found a shadowy altar of Dithmenos.
  1817 | D:3      | Found a hide-covered altar of Uskayaw.
  1989 | D:3      | Found a runed translucent door.
  1990 | D:3      | Noticed Crazy Yiuf
  1997 | D:3      | Succumbed to Crazy Yiuf's poison

Illustrated notes

Levels and vault maps discovered:
D:1:      lemuel_arrival_hallway, layout_basic, ebering_ecumenical_altar_box,
          chequers_serial_rivers_micro_c
D:2:      layout_rooms, minmay_strange_pillars, kennysheep_small_spiral
D:3:      layout_rooms, gammafunk_temple_overflow_pools, zin_purify,
          serial_glass, glass_columns_a, glass_columns_c,
          uniq_crazy_yiuf_cottage

Skill      XL: |  1  2  3 |
---------------+----------+-----
Maces & Flails | 3 |  3.4
Armour         | 1 |  1.9
Dodging        | 3 |  3.1
Fighting       | |  3.4
Stealth        | |  1.7

Action                     |  1- 3 |  4- 6 || total
---------------------------+-------+-------++-------
  Melee: Mace              |   113 |    36 ||   149
         Tailslap          |     9 |     2 ||    11
         Punch             |     3 |       ||     3
    Use: Scroll            |     8 |       ||     8
         Potion            |     4 |       ||     4
   Stab: Sleeping          |     6 |     1 ||     7
 Armour: Robe              |    17 |     4 ||    21
  Dodge: Dodged            |    62 |    20 ||    82
  Block: Other             |     9 |     6 ||    15

Table legend: (Time is in decaauts)
 A = Elapsed time spent in this place.
 B = Non-inter-level travel time spent in this place.
 C = Inter-level travel time spent in this place.
 D = Time resting spent in this place.
 E = Time spent auto-exploring this place.
 F = Levels seen in this place.
 G = Mean time per level.
                   A        B        C        D        E       F      G
               +--------+--------+--------+--------+--------+-----+--------+
         Total |   2032 |   1944 |     88 |      0 |   1506 |   3 |  677.3 |
       Dungeon |   2032 |   1944 |     88 |      0 |   1506 |   3 |  677.3 |
               +--------+--------+--------+--------+--------+-----+--------+

Top non-repeatable levels by time:
     D:1: 942 daAuts
     D:2: 641 daAuts
     D:3: 448 daAuts
